 Dungeon Crawl Stone Soup version 0.31-a0-236-g9a0961fb85 (webtiles) character file.

Game seed: 8293259299919276640

3192 qw the Skirmisher (level 9, -2/79 HPs)
             Began as a Minotaur Hexslinger on July 10, 2023.
             Was a Believer of Okawaru.
             Slain by an acid dragon (5 damage)
             ... on level 8 of the Dungeon.
             The game lasted 00:02:35 (6717 turns).

qw the Skirmisher (Minotaur Hexslinger)             Turns: 6717, Time: 00:02:36

Health: -2/79      AC:  9    Str: 14    XL:     9   Next: 64%
Magic:  10/11      EV: 18    Int: 10    God:    Okawaru [**....]
Gold:   194        SH:  0    Dex: 22    Spells: 9/10 levels left

rFire   . . .        m - +0 orcbow
rCold   . . .        (shield currently unavailable)
rNeg    . . .        f - +0 ring mail
rPois   +            (helmet restricted)
rElec   .            c - +0 cloak
rCorr   .            n - +0 pair of gloves
SInv    .            (no boots)
Will    .....        (no amulet)
Stlth   +++          j - +6 ring of dexterity
HPRegen 0.33/turn    k - ring of poison resistance
MPRegen 0.12/turn

%: no passive effects
@: heroic
A: horns 2, retaliatory headbutt
a: Renounce Religion, Heroism


You were on level 8 of the Dungeon.
You worshipped Okawaru.
Okawaru was pleased with you.
You visited 1 branch of the dungeon, and saw 8 of its levels.

You collected 402 gold pieces.
You spent 208 gold pieces at shops.


Innate Abilities, Weirdness & Mutations

You have a pair of horns on your head.
You reflexively headbutt those who attack you in melee.


   Skills:
 - Level 7.0(12.0) Fighting
 + Level 11.4(16.4) Ranged Weapons
 - Level 3.2(8.2) Armour
 - Level 5.1(10.1) Dodging
 - Level 1.0 Spellcasting
 - Level 2.0 Hexes
 - Level 4.0 Invocations


You had 9 spell levels left.
You knew the following spells:

 Your Spells              Type           Power      Damage    Failure   Level
a - Slow                  Hex            16%        N/A       26%         1

Your spell library contained the following spells:

 Spells                   Type           Power      Damage    Failure   Level
 Inner Flame              Hex/Fire       2%         N/A       77%         3
 Portal Projectile        Hex/Tloc       4%         N/A       77%         3
 Cause Fear               Hex            2%         N/A       95%         4

Inventory:

Hand Weapons
 m - a +0 orcbow (weapon)
Armour
 c - a +0 cloak (worn)
 f - a +0 ring mail (worn)
 n - a +0 pair of gloves (worn)
Jewellery
 j - a +6 ring of dexterity (left hand)
 k - a ring of poison resistance (right hand)
Wands
 g - a wand of digging (4)
Scrolls
 b - a scroll of identify
Potions
 a - a potion of haste
 d - 3 potions of enlightenment
 e - 2 potions of curing
 i - a potion of resistance {unknown}
 l - a potion of lignification {unknown}
 o - a potion of brilliance {unknown}

Dungeon Overview and Level Annotations

Branches:
Dungeon (8/15)             Temple (0/1) D:7
   Lair: D:8-11

Altars:
Ashenzari
Hepliaklqana
Makhleb
Nemelex Xobeh
Okawaru
Ru
Trog
Vehumet

Shops:
D:3 ?:([   D:5 :   D:7 *

Annotations:
D:7 2 transporters, qw's ghost, novice GrHs


Message History

The arrow hits the yak but does no damage.
The yak is severely wounded.
The yak barely misses you. The yak closely misses you.
The acid dragon closely misses you.
The acid dragon claws you but does no damage.
The yak gores you!
You shoot an arrow. The arrow hits the yak!
You kill the yak!
Okawaru accepts your kill. The yak closely misses you.
The acid dragon barely misses you. The acid dragon closely misses you.
The yak gores you!
Your base Dodging skill increases to level 5!
You shoot an arrow. The arrow hits the yak!
The yak is severely wounded.
The yak gores you but does no damage. The acid dragon spits acid at you.
The splash of acid hits you!! The yak closely misses you.
You hear an angry buzzing noise.
6713 ||| DRINKING potion of heal wounds.
You feel much better. The yak closely misses you.
The acid dragon bites you but does no damage.
The acid dragon barely misses you. The yak barely misses you.
You shoot an arrow. The arrow hits the yak!
You kill the yak!
Okawaru accepts your kill.
You shoot an arrow.
The arrow barely misses the acid dragon.
The yak closely misses you. The acid dragon misses you. x2
You shoot an arrow.
The arrow hits the acid dragon but does no damage.
The acid dragon is moderately wounded.
The yak gores you! The acid dragon spits acid at you.
The splash of acid hits you!
You hear a loud, deep croak!
You shoot an arrow. The arrow hits the acid dragon!
The acid dragon is severely wounded.
The acid dragon bites you.
You die...

........
.............#.#...
...............)(..
..................
..................
............#....#
............#....#+#####
............#.#YD%......
...#........#.#%@.......
.#.##.##....#.#.........
.#.##'##....#...........
.#.....#####............
.#.....+................
.#.....#####.....#......
.#........ ......#...##.
.......................
.....................#.


You could see a yak and an acid dragon.

Vanquished Creatures
  Pikel (D:6)
  Grinder (D:5)
  Sigmund (D:5)
  4 yaks (D:8)
  2 water moccasins
  2 ice beasts
  An orc warrior (D:6)
  2 ogres
  2 phantoms (D:5)
  2 centaurs
  A lemure (D:6)
  2 scorpions
  A howler monkey (D:8)
  3 jellies
  An orc priest (D:5)
  3 hounds
  6 iguanas
  Natasha (thrice) (D:2)
  4 orc wizards
  4 gnolls (D:5)
  An adder (D:3)
  2 shadow imps
  2 ufetubi
  3 worms (D:3)
  3 dart slugs
  17 orcs
  5 bats
  4 endoplasms
  A giant cockroach (D:1)
  4 hobgoblins
  4 jackals
  3 quokkas
  A ball python (D:4)
  2 frilled lizards
  2 goblins (D:3)
  5 kobolds
  4 rats (D:1)
109 creatures vanquished.

Notes
Turn   | Place    | Note
-------+----------+-------------------------------------------
     0 | D:1      | qw the Minotaur Hexslinger began the quest for the Orb.
     0 | D:1      | Reached XP level 1. HP: 16/16 MP: 1/1
     0 | D:1      | 0 ||| qw: Version: 0.3-a-52-g30416fa
     0 | D:1      | 0 ||| qw: Game counter: 4667
     0 | D:1      | 0 ||| qw: Melee chars always use a shield: true
     0 | D:1      | 0 ||| qw: God list: Okawaru
     0 | D:1      | 0 ||| qw: Allow faded altars: false
     0 | D:1      | 0 ||| qw: Do Orc after clearing Dungeon:15 true
     0 | D:1      | 0 ||| qw: Do second Lair branch before Depths: true
     0 | D:1      | 0 ||| qw: Lair rune preference: random
     0 | D:1      | 0 ||| qw: Goals: Normal
     0 | D:1      | 0 ||| PLANNING D:1-11
   222 | D:1      | Reached skill level 3 in Ranged Weapons
   222 | D:1      | Reached XP level 2. HP: 23/23 MP: 2/2
   652 | D:1      | 652 ||| READING scroll labelled TIMUMI FYHI.
   653 | D:1      | 653 ||| DRINKING 2 purple potions.
   654 | D:1      | 654 ||| DROPPING scroll of poison.
   655 | D:1      | 655 ||| DROPPING potion of degeneration.
   703 | D:2      | 703 ||| STAIRDANCE
   736 | D:2      | 736 ||| STAIRDANCE
   850 | D:2      | Reached XP level 3. HP: 29/29 MP: 3/3
  1043 | D:2      | Noticed Natasha
  1051 | D:2      | Killed Natasha
  1052 | D:2      | Reached skill level 4 in Ranged Weapons
  1224 | D:2      | Noticed Natasha
  1231 | D:2      | Killed Natasha
  1232 | D:2      | Reached XP level 4. HP: 18/36 MP: 4/4
  1578 | D:2      | Noticed Natasha
  1589 | D:2      | HP: 7/36 [Natasha (8)]
  1590 | D:2      | Killed Natasha
  1591 | D:2      | Reached skill level 5 in Ranged Weapons
  1986 | D:2      | 1986 ||| UPGRADING to +0 ring mail.
  1996 | D:2      | 1996 ||| DROPPING +0 robe.
  1997 | D:2      | 1997 ||| READING scroll labelled QYKASA VUCO.
  2062 | D:2      | 2062 ||| READING scroll labelled ESAILO ALIELAP.
  2063 | D:2      | 2063 ||| READING scroll labelled OFUBUU YMNYPS.
  2064 | D:2      | 2064 ||| DRINKING 2 coppery potions.
  2064 | D:2      | Gained mutation: Your muscles are strong. (Str +4, Int/Dex
                  | -1) [potion of mutation]
  2064 | D:2      | Gained mutation: You are agile. (Dex +4, Str/Int -1)
                  | [potion of mutation]
  2064 | D:2      | Gained mutation: You sometimes lose your temper in combat.
                  | [potion of mutation]
  2065 | D:2      | 2065 ||| DRINKING potion of mutation.
  2065 | D:2      | Lost mutation: Your muscles are strong. (Str +4, Int/Dex
                  | -1) [potion of mutation]
  2065 | D:2      | Lost mutation: You are agile. (Dex +4, Str/Int -1) [potion
                  | of mutation]
  2065 | D:2      | Lost mutation: You sometimes lose your temper in combat.
                  | [potion of mutation]
  2096 | D:3      | Found a bloodstained altar of Trog.
  2164 | D:3      | Found a faded altar of an unknown god.
  2257 | D:3      | Found Jezooxawk's Antique Armour Emporium.
  2263 | D:3      | 2263 ||| SHOPLISTING cloak (117 gold, have 96).
  2263 | D:3      | 2263 ||| SHOPLISTING glowing hat (182 gold, have 96).
  2263 | D:3      | 2263 ||| SHOPLISTING glowing scarf (208 gold, have 96).
  2299 | D:3      | Found Moasuxt's Antique Weapon Shoppe.
  2329 | D:3      | Reached skill level 1 in Armour
  2341 | D:3      | Found a radiant altar of Vehumet.
  2355 | D:3      | Found Evezaluro's Book Shoppe.
  2423 | D:3      | Reached XP level 5. HP: 29/44 MP: 5/5
  2423 | D:3      | 2423 ||| FLEEEEING.
  2424 | D:3      | 2424 ||| FLEEEEING.
  2425 | D:3      | 2425 ||| FLEEEEING.
  2426 | D:3      | 2426 ||| FLEEEEING.
  2432 | D:3      | 2432 ||| FLEEEEING.
  2433 | D:3      | 2433 ||| FLEEEEING.
  2434 | D:3      | 2434 ||| FLEEEEING.
  2435 | D:3      | 2435 ||| FLEEEEING.
  2436 | D:3      | 2436 ||| FLEEEEING.
  2437 | D:3      | 2437 ||| FLEEEEING.
  2438 | D:3      | 2438 ||| FLEEEEING.
  2439 | D:3      | 2439 ||| FLEEEEING.
  2440 | D:3      | 2440 ||| FLEEEEING.
  2441 | D:3      | 2441 ||| FLEEEEING.
  2442 | D:3      | 2442 ||| FLEEEEING.
  2443 | D:3      | 2443 ||| FLEEEEING.
  2454 | D:3      | 2454 ||| FLEEEEING.
  2455 | D:3      | 2455 ||| FLEEEEING.
  2456 | D:3      | 2456 ||| FLEEEEING.
  2457 | D:3      | 2457 ||| FLEEEEING.
  2458 | D:3      | 2458 ||| FLEEEEING.
  2459 | D:3      | 2459 ||| FLEEEEING.
  2460 | D:3      | 2460 ||| FLEEEEING.
  2461 | D:3      | 2461 ||| FLEEEEING.
  2462 | D:3      | 2462 ||| FLEEEEING.
  2463 | D:3      | 2463 ||| STAIRDANCE
  2482 | D:2      | 2482 ||| READING scroll labelled PAOTE WOSOMIYTY.
  2483 | D:2      | 2483 ||| READING scroll labelled CIPSIE VIOKH.
  2484 | D:2      | 2484 ||| READING scroll labelled LENIEN OBLAO.
  2485 | D:2      | 2485 ||| READING scroll labelled RILILL DEURCHA.
  2586 | D:2      | 2586 ||| READING scroll labelled KIMMUTHRAILL.
  2602 | D:3      | Reached skill level 3 in Fighting
  2770 | D:3      | Found Kaollole's Magic Scroll Emporium.
  2779 | D:3      | 2779 ||| BUYING scroll of brand weapon (114 gold).
  2779 | D:3      | Bought a scroll of brand weapon for 114 gold pieces
  2779 | D:3      | 2779 ||| SHOPLISTING scroll of enchant armour (90 gold,
                  | have 0).
  2779 | D:3      | 2779 ||| SHOPLISTING scroll of identify (24 gold, have 0).
  2779 | D:3      | 2779 ||| READING scroll of brand weapon.
  2779 | D:3      | 2779 ||| BRANDING +2 sling of draining.
  3151 | D:4      | Reached skill level 6 in Ranged Weapons
  3159 | D:4      | Reached XP level 6. HP: 51/51 MP: 6/6
  3221 | D:4      | Found a burning altar of Makhleb.
  3520 | D:4      | 3520 ||| READING scroll labelled PIKOUC KAYF.
  3521 | D:4      | 3521 ||| READING scroll labelled JEPIMP LOST.
  3522 | D:4      | 3522 ||| READING 3 scrolls of identify.
  3522 | D:4      | 3522 ||| IDENTIFYING lumpy red potion
  3523 | D:4      | 3523 ||| READING 2 scrolls of identify.
  3523 | D:4      | 3523 ||| IDENTIFYING white potion
  3535 | D:4      | 3535 ||| STAIRDANCE
  3539 | D:4      | 3539 ||| STAIRDANCE
  3543 | D:4      | 3543 ||| STAIRDANCE
  3547 | D:4      | 3547 ||| STAIRDANCE
  3551 | D:4      | 3551 ||| STAIRDANCE
  3555 | D:4      | 3555 ||| STAIRDANCE
  3559 | D:4      | 3559 ||| STAIRDANCE
  3563 | D:4      | 3563 ||| STAIRDANCE
  3567 | D:4      | 3567 ||| STAIRDANCE
  3571 | D:4      | 3571 ||| STAIRDANCE
  3575 | D:4      | 3575 ||| STAIRDANCE
  3579 | D:4      | 3579 ||| STAIRDANCE
  3583 | D:4      | 3583 ||| STAIRDANCE
  3587 | D:4      | 3587 ||| STAIRDANCE
  3591 | D:4      | 3591 ||| STAIRDANCE
  3595 | D:4      | 3595 ||| STAIRDANCE
  3599 | D:4      | 3599 ||| STAIRDANCE
  3603 | D:4      | 3603 ||| STAIRDANCE
  3607 | D:4      | 3607 ||| STAIRDANCE
  3611 | D:4      | 3611 ||| STAIRDANCE
  3762 | D:4      | 3762 ||| READING scroll of enchant weapon.
  3762 | D:4      | 3762 ||| ENCHANTING +2 sling of freezing.
  3898 | D:5      | Entered Level 5 of the Dungeon
  4042 | D:5      | Found an iron altar of Okawaru.
  4043 | D:5      | 4043 ||| PLANNING OKAWARU WORSHIP
  4043 | D:5      | 4043 ||| UPGRADING to +0 cloak.
  4056 | D:5      | Became a worshipper of Warmaster Okawaru
  4057 | D:5      | 4057 ||| PLANNING D:1-11
  4116 | D:5      | Reached skill level 7 in Ranged Weapons
  4158 | D:5      | Reached XP level 7. HP: 31/60 MP: 7/7
  4283 | D:5      | Found Sixeid's Book Shoppe.
  4320 | D:5      | Noticed Sigmund
  4336 | D:5      | HP: 14/60 [Sigmund/magic dart (7)]
  4337 | D:5      | Killed Sigmund
  4337 | D:5      | Reached * piety under Okawaru
  4338 | D:5      | Reached skill level 8 in Ranged Weapons
  4343 | D:5      | 4343 ||| INVOKING Heroism.
  4496 | D:5      | Found a sacrificial altar of Ru.
  4704 | D:5      | Found a sparkling altar of Nemelex Xobeh.
  4715 | D:5      | Reached skill level 1 in Invocations
  4715 | D:5      | Reached XP level 8. HP: 68/68 MP: 8/8
  4755 | D:5      | Noticed Grinder
  4756 | D:5      | 4756 ||| INVOKING Heroism.
  4771 | D:5      | Killed Grinder
  4772 | D:5      | Reached skill level 9 in Ranged Weapons
  4772 | D:5      | Reached skill level 3 in Invocations
  4959 | D:5      | 4959 ||| UPGRADING to +6 ring of dexterity.
  4960 | D:5      | 4960 ||| READING scroll labelled OBAWEKOCO.
  4961 | D:5      | 4961 ||| READING 2 scrolls of identify.
  4961 | D:5      | 4961 ||| IDENTIFYING dark potion
  5066 | D:6      | 5066 ||| INVOKING Heroism.
  5076 | D:6      | Reached skill level 3 in Dodging
  5203 | D:6      | 5203 ||| INVOKING Heroism.
  5288 | D:6      | Reached skill level 6 in Fighting
  5298 | D:6      | 5298 ||| FLEEEEING.
  5299 | D:6      | 5299 ||| FLEEEEING.
  5300 | D:6      | 5300 ||| STAIRDANCE
  5345 | D:5      | 5345 ||| UPGRADING to ring of poison resistance.
  5346 | D:5      | 5346 ||| READING scroll labelled HOMEYRAOFF.
  5354 | D:6      | 5354 ||| STAIRDANCE
  5356 | D:5      | 5356 ||| INVOKING Heroism.
  5529 | D:6      | Noticed Pikel
  5530 | D:6      | 5530 ||| INVOKING Heroism.
  5543 | D:6      | Killed Pikel
  5543 | D:6      | Reached ** piety under Okawaru
  5544 | D:6      | Reached skill level 10 in Ranged Weapons
  5544 | D:6      | Reached XP level 9. HP: 32/75 MP: 9/11
  5550 | D:6      | 5550 ||| FLEEEEING.
  5552 | D:6      | 5552 ||| FLEEEEING.
  5554 | D:6      | 5554 ||| FLEEEEING.
  5555 | D:6      | 5555 ||| FLEEEEING.
  5556 | D:6      | 5556 ||| FLEEEEING.
  5557 | D:6      | 5557 ||| FLEEEEING.
  5560 | D:6      | 5560 ||| FLEEEEING.
  5561 | D:6      | 5561 ||| FLEEEEING.
  5562 | D:6      | 5562 ||| FLEEEEING.
  5563 | D:6      | 5563 ||| FLEEEEING.
  5567 | D:6      | 5567 ||| STAIRDANCE
  5570 | D:5      | 5570 ||| FLEEEEING.
  5878 | D:6      | 5878 ||| READING scroll labelled LOOPTU EROVAMP.
  5901 | D:7      | 5901 ||| INVOKING Heroism.
  6059 | D:7      | Found Gijudoas's Assorted Antiques.
  6071 | D:7      | 6071 ||| INVOKING Heroism.
  6093 | D:7      | 6093 ||| BUYING orcbow (94 gold).
  6093 | D:7      | Bought an orcbow for 94 gold pieces
  6093 | D:7      | 6093 ||| SHOPLISTING wand of digging (3) (340 gold, have
                  | 119).
  6093 | D:7      | 6093 ||| SWAPPING to +0 orcbow.
  6094 | D:7      | 6094 ||| DROPPING +3 sling of freezing.
  6118 | D:7      | Found a hazy altar of Hepliaklqana.
  6168 | D:7      | Found a staircase to the Ecumenical Temple.
  6188 | D:7      | Found a transporter.
  6204 | D:7      | Found a bloodstained altar of Trog.
  6204 | D:7      | Noticed qw's ghost (novice GrHs)
  6204 | D:7      | Noticed a moth of wrath
  6224 | D:7      | Found a transporter.
  6331 | D:7      | Found a broken altar of Ashenzari.
  6548 | D:7      | 6548 ||| UPGRADING to +0 pair of gloves.
  6553 | D:7      | 6553 ||| READING 3 scrolls of identify.
  6553 | D:7      | 6553 ||| IDENTIFYING lumpy yellow potion
  6554 | D:7      | 6554 ||| READING 2 scrolls of identify.
  6554 | D:7      | 6554 ||| IDENTIFYING metallic inky potion
  6555 | D:7      | 6555 ||| DROPPING potion of berserk rage.
  6611 | D:8      | Reached skill level 3 in Armour
  6704 | D:8      | 6704 ||| INVOKING Heroism.
  6707 | D:8      | Reached skill level 11 in Ranged Weapons
  6712 | D:8      | HP: 2/79 [acid dragon/splash of acid (20)]
  6713 | D:8      | 6713 ||| DRINKING potion of heal wounds.
  6717 | D:8      | Slain by an acid dragon

Levels and vault maps discovered:
D:1:      dpeg_arrival_signposts, layout_basic
D:2:      layout_basic, chequers_hall_statues_y, dk_noncrumbling_2,
          amcnicky_mini_rare_corridor_liquid, uniq_natasha
D:3:      layout_loops_ring, mainiacjoe_overflow_paths,
          nicolae_overflow_crystal_walls, nicolae_ecumenical_oubliette,
          serial_shops, shop, shop, nicolae_diamond_shop,
          nicolae_shop_waterfront, corexii_hall_statues_i
D:4:      layout_basic, bloody_makhleb
D:5:      layout_loops_cross, overflow_temple_1_default,
          mainiacjoe_overflow_brackets, lemuel_tele_altar, serial_shops, shop,
          uniq_grinder, uniq_sigmund
D:6:      layout_basic, st_stairs_13, chequers_mini_garden, uniq_pikel
D:7:      layout_basic, kennysheep_little_box, lemuel_doored_altar,
          temple_fountains, serial_shops, shop,
          gammafunk_ghost_wrathful_warriors
D:8:      layout_basic, lemuel_crystal_altar, amethyst_overflow_temple_binary

Skill      XL: |  1  2  3  4  5  6  7  8  9 |
---------------+----------------------------+-----
Ranged Weapons | 3 4 5 6 7 8 10 11 | 11.4
Fighting       | 2 3 4 5 6 7 |  7.0
Armour         | 1 2 3 |  3.2
Invocations    | 1 4 |  4.0
Dodging        | 3 5 |  5.1
Spellcasting   | |  1.0
Hexes          | |  2.0

Action                     |  1- 3 |  4- 6 |  7- 9 || total
---------------------------+-------+-------+-------++-------
   Fire: Sling             |    78 |   120 |   200 ||   398
         Orcbow            |       |       |    40 ||    40
 Invoke: Heroism           |       |       |     9 ||     9
    Use: Scroll            |     1 |    14 |     6 ||    21
         Potion            |     1 |     2 |     1 ||     4
 Armour: Robe              |     7 |     1 |       ||     8
         Ring mail         |       |     6 |    24 ||    30
  Dodge: Dodged            |    23 |    38 |    68 ||   129

Table legend:
 A = Non-vault XP
 B = Vault XP
 C = Vault XP percentage of total XP
 D = Non-vault monster count
 E = Vault monster count
 F = Vault count percentage of total count
                 A         B        C        D         E       F
            +---------+---------+-------+---------+---------+-------
      Total |    3337 |    1223 |  26.8 |     103 |       5 |   4.6
            +---------+---------+-------+---------+---------+-------
        D:1 |      31 |       0 |   0.0 |      16 |       0 |   0.0
        D:2 |      92 |      35 |  27.6 |      14 |       1 |   6.7
        D:3 |     117 |       0 |   0.0 |      14 |       0 |   0.0
        D:4 |     260 |       0 |   0.0 |       9 |       0 |   0.0
        D:5 |     891 |     497 |  35.8 |      21 |       2 |   8.7
        D:6 |     538 |     691 |  56.2 |      13 |       2 |  13.3
        D:7 |     424 |       0 |   0.0 |       9 |       0 |   0.0
        D:8 |     984 |       0 |   0.0 |       7 |       0 |   0.0
            +---------+---------+-------+---------+---------+-------
